 Dungeon Crawl Stone Soup version 0.29-a0-830-gcb1280458a (webtiles) character file.

Game seed: 9896354199456968957

9 Bnni the Slasher (level 2, 19/22 HPs)
             Began as a Demonspawn Gladiator on July 12, 2022.
             Quit the game on level 1 of the Dungeon.
             The game lasted 00:00:38 (485 turns).

Bnni the Slasher (Demonspawn Gladiator)              Turns: 485, Time: 00:00:39

Health: 19/22      AC:  4    Str: 14    XL:     2   Next: 3%
Magic:  2/2        EV: 12    Int:  9    God:
Gold:   0          SH:  0    Dex: 14    Spells: 1/1 levels left

rFire   . . .      SeeInvis .   f - +1 short sword (venom)
rCold   . . .      Faith    .   (no shield)
rNeg    . . .      Spirit   .   b - +0 leather armour
rPois   .          Reflect  .   c - +0 helmet
rElec   .          Harm     .   (no cloak)
rCorr   .          Rampage  .   (no gloves)
Will    .....                   (no boots)
Stlth   +.........              (no amulet)
HPRegen 0.07/turn               (no ring)
MPRegen 0.08/turn               (no ring)

@: no status effects
A: claws 1
a: no special abilities


You were on level 1 of the Dungeon.
You visited 1 branch of the dungeon, and saw 1 of its levels.

Inventory:

Hand Weapons
 a - a +0 long sword
 f - a +1 short sword of venom (weapon)
Missiles
 d - 3 throwing nets (quivered)
 e - a javelin
 g - 3 atropa-tipped darts
Armour
 b - a +0 leather armour (worn)
 c - a +0 helmet (worn)
Scrolls
 i - a scroll of teleportation {unknown}
Potions
 h - a potion of haste {unknown}


   Skills:
 + Level 2.2 Fighting
 * Level 3.1 Long Blades
 - Level 1.7 Throwing
 - Level 2.6 Dodging


You had one spell level left.
You didn't know any spells.
Your spell library was empty.

Dungeon Overview and Level Annotations

Branches:
Dungeon (1/15)

Altars:


Innate Abilities, Weirdness & Mutations

You have sharp fingernails.


Message History

Your Long Blades skill increases to level 3!
Things that are here:
a +0 dagger; a goblin corpse You start resting.
An endoplasm comes into view.
You see here a rat corpse.
You start resting.
An endoplasm is nearby!
You see here a rat corpse.
Things that are here:
a +0 dagger; a goblin corpse The endoplasm quivers.
The endoplasm freezes you.
You are frozen.
You are too injured to fight recklessly!
You are too injured to fight recklessly!
You are too injured to fight recklessly!
You are too injured to fight recklessly!
You hit the endoplasm.
The endoplasm is lightly wounded.
The endoplasm closely misses you.
You hit the endoplasm.
You kill the endoplasm!
You start resting.
HP restored.
No target in view!
i - a scroll labelled IZYUGI HOGAGGA A ball python comes into view.
You barely miss the ball python. The ball python barely misses you.
The ball python grabs you. The ball python constricts you.
You hit the ball python.
The ball python is heavily wounded.
The ball python barely misses you. The ball python constricts you.
You hit the ball python.
You kill the ball python!
You have reached level 2!
You feel monstrous as your demonic heritage exerts itself.
Your demonic ancestry asserts itself...
Your fingernails lengthen.
Are you sure you want to abandon this character and quit the game? (Confirm with "yes".)

... #.. .. .. ...
..## .. ... ... .
.. ..#.# .. #.#.#
#. ##...# #.# #.@#
#..####..#
#..#....# ##...##.#
# ###....##.# .#
########.รท.##....#
.# ##
......#.)#####..##
#.##... ........##
#...##.....#
##......#
##.#...).#


There were no monsters in sight!

Vanquished Creatures
  A ball python (D:1)
  An endoplasm (D:1)
  A goblin (D:1)
  A hobgoblin (D:1)
  2 kobolds (D:1)
  2 rats (D:1)
8 creatures vanquished.

Notes
Turn   | Place    | Note
-------+----------+-------------------------------------------
     0 | D:1      | Bnni the Demonspawn Gladiator began the quest for the Orb.
     0 | D:1      | Reached XP level 1. HP: 16/16 MP: 1/1
   174 | D:1      | Reached skill level 3 in Long Blades
   485 | D:1      | Discovered your monstrous ancestry.
   485 | D:1      | Gained mutation: You have sharp fingernails. [demonic
                  | ancestry]
   485 | D:1      | Reached XP level 2. HP: 19/22 MP: 2/2
   485 | D:1      | Quit the game

Illustrated notes

Levels and vault maps discovered:
D:1:      wander_arrival_abandoned_jail, layout_rooms, basic_ecumenical_altar,
          chequers_serial_rivers_marsh, hangedman_decor_growths,
          minmay_misc_feat_columns

Skill      XL: |  1 |
---------------+----+-----
Long Blades    | 3 |  3.1
Fighting       | |  2.2
Throwing       | |  1.7
Dodging        | |  2.6

Action                   || total
-------------------------++-------
Melee: Short sword       ||    24
       Long sword        ||     1
Armor: Leather armour    ||     7
Dodge: Dodged            ||    12

Table legend: (Time is in decaauts)
 A = Elapsed time spent in this place.
 B = Non-inter-level travel time spent in this place.
 C = Inter-level travel time spent in this place.
 D = Time resting spent in this place.
 E = Time spent auto-exploring this place.
 F = Levels seen in this place.
 G = Mean time per level.
                   A        B        C        D        E       F      G
               +--------+--------+--------+--------+--------+-----+--------+
         Total |    489 |    466 |     23 |    252 |    158 |   1 |  489.0 |
       Dungeon |    489 |    466 |     23 |    252 |    158 |   1 |  489.0 |
               +--------+--------+--------+--------+--------+-----+--------+

Top non-repeatable levels by time:
     D:1: 489 daAuts
